| TOP OF THE 1ST |
|
Ocean City Blue Crabs batting - Pitching for Savannah Swamp Foxes : LHP Angel Miranda
|
|
Pitching: LHP Angel Miranda
|
|
|
Batting: RHB Jarvis Brown
|
0-0: Ball 1-0: Swinging Strike 1-1: Ball 2-1: Ball 3-1: Base on Balls
|
|
Batting: RHB Pat F. Kelly
|
0-0: Ball 1-0: Called Strike 1-1: Called Strike 1-2: Ball 2-2: Foul Ball, location: 2F 2-2: Fielders Choice at 2nd, 1-6 (Groundball, 34S, EV 85.6 MPH)
|
|
Batting: SHB Junior Felix
|
0-0: Swinging Strike 0-1: Ball 1-1: Ball 2-1: Foul Ball, location: 2F 2-2: Strikes out swinging
|
|
Batting: LHB Brad Fullmer
|
0-0: Called Strike 0-1: Ball 1-1: Ground out 6-3 (Groundball, 6M, EV 82.5 MPH)
|
| Top of the 1st over - 0 runs, 0 hits, 0 errors, 1 left on base; Ocean City 0 - Savannah 0 |
| BOTTOM OF THE 1ST |
|
Savannah Swamp Foxes batting - Pitching for Ocean City Blue Crabs : RHP Chad Ogea
|
|
Pitching: RHP Chad Ogea
|
|
|
Batting: LHB Tony Longmire
|
0-0: Fly out, F7 (Flyball, 7LM, EV 96.9 MPH)
|
|
Batting: LHB Koji Goto
|
0-0: Ball 1-0: SINGLE (Groundball, 56D, EV 98.1 MPH)
|
|
Batting: LHB John Kruk
|
0-0: Called Strike 0-1: Ball 1-1: Ball 2-1: Called Strike 2-2: Reached on error, E4 (Groundball, 4, EV 107.5 MPH) Koji Goto to second
|
|
Batting: RHB Jimmy Hurst
|
0-0: Ball 1-0: Swinging Strike 1-1: Ball Passed Ball! Koji Goto to third John Kruk to second 2-1: Ball 3-1: Base on Balls
|
|
Batting: LHB Jack Howell
|
0-0: Called Strike 0-1: Foul Ball, location: 2F 0-2: Ball 1-2: Grounds into fielders choice 1-2 (Groundball, 15S, EV 68.8 MPH) John Kruk to third Jimmy Hurst to second
|
|
Batting: RHB Izzy Molina
|
0-0: Ball 1-0: Foul Ball, location: 2F 1-1: Ball 2-1: SINGLE (Flyball, 78M, EV 91.3 MPH) John Kruk scores Jimmy Hurst to third Jack Howell to second Runner from 3rd tries for Home, SAFE, throw by LF to home
|
|
Batting: SHB Jason Hardtke
|
0-0: Called Strike 0-1: Foul Ball, location: 2F 0-2: Fly out, F5 (Popup, 5L, EV 65.0 MPH)
|
| Bottom of the 1st over - 2 runs, 2 hits, 1 error, 2 left on base; Ocean City 0 - Savannah 2 |
| TOP OF THE 2ND |
|
Ocean City Blue Crabs batting - Pitching for Savannah Swamp Foxes : LHP Angel Miranda
|
|
Batting: RHB Einar Diaz
|
0-0: Ground out 5-3 (Groundball, 56S, EV 85.6 MPH)
|
|
Batting: RHB Jeff Abbott
|
0-0: Ball 1-0: Reached on error, E6 (Flyball, 6MD, EV 89.4 MPH)
|
|
Batting: RHB Scott Leius
|
0-0: Ball 1-0: Fielders Choice at 2nd, 1-6 (Groundball, 34S, EV 86.3 MPH)
|
|
Batting: RHB Garey Ingram
|
0-0: Ball 1-0: Ball 2-0: Called Strike 2-1: Foul Ball, location: 2F 2-2: Strikes out swinging
|
| Top of the 2nd over - 0 runs, 0 hits, 1 error, 1 left on base; Ocean City 0 - Savannah 2 |
| BOTTOM OF THE 2ND |
|
Savannah Swamp Foxes batting - Pitching for Ocean City Blue Crabs : RHP Chad Ogea
|
|
Batting: RHB Webster Garrison
|
0-0: Foul Ball, location: 2F 0-1: Ball 1-1: Foul Ball, location: 2F 1-2: Fly out, F8 (Flyball, 8RS, EV 81.9 MPH)
|
|
Batting: RHB Masahiro Kawai
|
0-0: Called Strike 0-1: Called Strike 0-2: Strikes out swinging
|
|
Batting: LHB Tony Longmire
|
0-0: Ball 1-0: Swinging Strike 1-1: Foul Ball, location: 2F 1-2: Strikes out swinging
|
| Bottom of the 2nd over - 0 runs, 0 hits, 0 errors, 0 left on base; Ocean City 0 - Savannah 2 |
| TOP OF THE 3RD |
|
Ocean City Blue Crabs batting - Pitching for Savannah Swamp Foxes : LHP Angel Miranda
|
|
Batting: RHB Cheron Farley
|
0-0: Ball 1-0: Ball 2-0: Ground out 5-3 (Groundball, 56, EV 102.5 MPH)
|
|
Batting: RHB Jarvis Brown
|
0-0: Called Strike 0-1: Ball 1-1: Ball 2-1: Foul Ball, location: 2F 2-2: TRIPLE (Groundball, 5L, EV 100.6 MPH)
|
|
Batting: RHB Pat F. Kelly
|
0-0: Fly out, F4 (Popup, 34, EV 77.5 MPH)
|
|
Batting: SHB Junior Felix
|
0-0: Ball 1-0: Ground out 4-3 (Groundball, 4, EV 89.4 MPH)
|
| Top of the 3rd over - 0 runs, 1 hit, 0 errors, 1 left on base; Ocean City 0 - Savannah 2 |
| BOTTOM OF THE 3RD |
|
Savannah Swamp Foxes batting - Pitching for Ocean City Blue Crabs : RHP Chad Ogea
|
|
Batting: LHB Koji Goto
|
0-0: Reached on error, E8 (Flyball, 8LM, EV 80.6 MPH)
|
|
Batting: LHB John Kruk
|
0-0: Called Strike 0-1: Foul Ball, location: 2F 0-2: Ball 1-2: Ball 2-2: Ball 3-2: Foul Ball, location: 2F 3-2: 2-RUN HOME RUN (Flyball, 89XD, EV 105.6 MPH), Distance : 440 ft
|
|
Batting: RHB Jimmy Hurst
|
0-0: Ground out 4-3 (Groundball, 4, EV 82.5 MPH)
|
|
Batting: LHB Jack Howell
|
0-0: Ball 1-0: SINGLE (Line Drive, 78S, EV 105.0 MPH)
|
|
Batting: RHB Izzy Molina
|
0-0: Grounds into double play, 6-4-3 (Groundball, 6M, EV 105.6 MPH)
|
| Bottom of the 3rd over - 2 runs, 2 hits, 1 error, 0 left on base; Ocean City 0 - Savannah 4 |
| TOP OF THE 4TH |
|
Ocean City Blue Crabs batting - Pitching for Savannah Swamp Foxes : LHP Angel Miranda
|
|
Batting: LHB Brad Fullmer
|
0-0: Fly out, F9 (Flyball, 9LS, EV 91.3 MPH)
|
|
Batting: RHB Einar Diaz
|
0-0: Ball 1-0: Fly out, F7 (Flyball, 7LM, EV 86.3 MPH)
|
|
Batting: RHB Jeff Abbott
|
0-0: Reached on error, E5 (Groundball, 56, EV 100.6 MPH)
|
|
Batting: RHB Scott Leius
|
0-0: Ball 1-0: Ball 2-0: Foul Ball, location: 2F 2-1: Ball 3-1: Called Strike 3-2: Foul Ball, location: 2F 3-2: Base on Balls Jeff Abbott to second
|
|
Batting: RHB Garey Ingram
|
0-0: Called Strike 0-1: Swinging Strike 0-2: Strikes out swinging
|
| Top of the 4th over - 0 runs, 0 hits, 1 error, 2 left on base; Ocean City 0 - Savannah 4 |
| BOTTOM OF THE 4TH |
|
Savannah Swamp Foxes batting - Pitching for Ocean City Blue Crabs : RHP Chad Ogea
|
|
Batting: SHB Jason Hardtke
|
0-0: Fly out, F7 (Flyball, 78M, EV 85.6 MPH)
|
|
Batting: RHB Webster Garrison
|
0-0: Ball 1-0: Ground out 1-3 (Groundball, 13S, EV 67.5 MPH)
|
|
Batting: RHB Masahiro Kawai
|
0-0: Ball 1-0: Ball 2-0: Called Strike 2-1: Foul Ball, location: 2F 2-2: Ball 3-2: Fly out, F8 (Flyball, 89D, EV 83.1 MPH)
|
| Bottom of the 4th over - 0 runs, 0 hits, 0 errors, 0 left on base; Ocean City 0 - Savannah 4 |
| TOP OF THE 5TH |
|
Ocean City Blue Crabs batting - Pitching for Savannah Swamp Foxes : LHP Angel Miranda
|
|
Batting: RHB Cheron Farley
|
0-0: Called Strike 0-1: Ground out 6-3 (Groundball, 6, EV 87.5 MPH)
|
|
Batting: RHB Jarvis Brown
|
0-0: Ball 1-0: Foul Ball, location: 2F 1-1: Ball 2-1: Called Strike 2-2: Foul Ball, location: 2F 2-2: Strikes out looking
|
|
Batting: RHB Pat F. Kelly
|
0-0: Called Strike 0-1: Called Strike 0-2: Ball 1-2: Ball 2-2: Strikes out looking
|
| Top of the 5th over - 0 runs, 0 hits, 0 errors, 0 left on base; Ocean City 0 - Savannah 4 |
| BOTTOM OF THE 5TH |
|
Savannah Swamp Foxes batting - Pitching for Ocean City Blue Crabs : RHP Chad Ogea
|
|
Batting: LHB Tony Longmire
|
0-0: Ball 1-0: Ground out 5-3 (Groundball, 56, EV 105.0 MPH)
|
|
Batting: LHB Koji Goto
|
0-0: Foul Ball, location: 2F 0-1: Ball 1-1: Ball 2-1: Foul Ball, location: 2F 2-2: Fly out, F8 (Flyball, 78M, EV 90.0 MPH)
|
|
Batting: LHB John Kruk
|
0-0: Ball 1-0: Foul Ball, location: 2F 1-1: Ground out 4-3 (Groundball, 4, EV 76.9 MPH)
|
| Bottom of the 5th over - 0 runs, 0 hits, 0 errors, 0 left on base; Ocean City 0 - Savannah 4 |
| TOP OF THE 6TH |
|
Ocean City Blue Crabs batting - Pitching for Savannah Swamp Foxes : LHP Angel Miranda
|
|
Batting: SHB Junior Felix
|
0-0: Ball 1-0: Ball 2-0: Called Strike 2-1: Fly out, F8 (Flyball, 78M, EV 75.0 MPH)
|
|
Batting: LHB Brad Fullmer
|
0-0: Ball 1-0: Foul Ball, location: 2F 1-1: Foul Ball, location: 2F 1-2: Fly out, F7 (Flyball, 78S, EV 76.9 MPH)
|
|
Batting: RHB Einar Diaz
|
0-0: Ball 1-0: Ball 2-0: Fly out, F8 (Line Drive, 8RM, EV 85.0 MPH)
|
| Top of the 6th over - 0 runs, 0 hits, 0 errors, 0 left on base; Ocean City 0 - Savannah 4 |
| BOTTOM OF THE 6TH |
|
Savannah Swamp Foxes batting - Pitching for Ocean City Blue Crabs : RHP Chad Ogea
|
|
Batting: RHB Jimmy Hurst
|
0-0: Called Strike 0-1: Foul Ball, location: 2F 0-2: Ball 1-2: Foul Ball, location: 2F 1-2: Foul Ball, location: 2F 1-2: Foul Ball, location: 2F 1-2: Ball 2-2: Fly out, F5 (Popup, 5SF, EV 80.0 MPH)
|
|
Batting: LHB Jack Howell
|
0-0: Ball 1-0: Ball 2-0: Called Strike 2-1: Foul Ball, location: 2F 2-2: Strikes out swinging
|
|
Batting: RHB Izzy Molina
|
0-0: Ball 1-0: Ball 2-0: Called Strike 2-1: Fly out, F8 (Line Drive, 8LD, EV 92.5 MPH)
|
| Bottom of the 6th over - 0 runs, 0 hits, 0 errors, 0 left on base; Ocean City 0 - Savannah 4 |
| TOP OF THE 7TH |
|
Ocean City Blue Crabs batting - Pitching for Savannah Swamp Foxes : LHP Angel Miranda
|
|
Batting: RHB Jeff Abbott
|
0-0: Swinging Strike 0-1: Ground out 6-3 (Groundball, 56, EV 83.8 MPH)
|
|
Batting: RHB Scott Leius
|
0-0: Ball 1-0: Ground out 6-3 (Groundball, 6M, EV 88.8 MPH)
|
|
Batting: RHB Garey Ingram
|
0-0: Called Strike 0-1: Ball 1-1: Called Strike 1-2: Ball 2-2: Strikes out swinging
|
| Top of the 7th over - 0 runs, 0 hits, 0 errors, 0 left on base; Ocean City 0 - Savannah 4 |
| BOTTOM OF THE 7TH |
|
Savannah Swamp Foxes batting - Pitching for Ocean City Blue Crabs : RHP Chad Ogea
|
|
Batting: SHB Jason Hardtke
|
0-0: Ball 1-0: Called Strike 1-1: Fly out, F8 (Flyball, 8LS, EV 87.5 MPH)
|
|
Batting: RHB Webster Garrison
|
0-0: Foul Ball, location: 2F 0-1: Ball 1-1: Ball 2-1: Fly out, F8 (Flyball, 89S, EV 91.3 MPH)
|
|
Batting: RHB Masahiro Kawai
|
0-0: Fly out, F9 (Flyball, 9D, EV 91.3 MPH)
|
| Bottom of the 7th over - 0 runs, 0 hits, 0 errors, 0 left on base; Ocean City 0 - Savannah 4 |
| TOP OF THE 8TH |
|
Ocean City Blue Crabs batting - Pitching for Savannah Swamp Foxes : LHP Angel Miranda
|
|
Batting: RHB Cheron Farley
|
0-0: Called Strike 0-1: Swinging Strike 0-2: Foul Ball, location: 2F 0-2: Ball 1-2: Strikes out swinging
|
|
Batting: RHB Jarvis Brown
|
0-0: Ground out 1-3 (Groundball, 15S, EV 69.4 MPH)
|
|
Batting: RHB Pat F. Kelly
|
0-0: Ball 1-0: Ball 2-0: Ball 3-0: Foul Ball, location: 2F 3-1: Base on Balls
|
|
Batting: SHB Junior Felix
|
0-0: Called Strike 0-1: Ball 1-1: Ball 2-1: DOUBLE (Groundball, 3L, EV 102.5 MPH) Pat F. Kelly to third Runner from 3rd tries for Home, SAFE, throw by RF to trailing runner, SAFE at third!
|
|
Batting: LHB Brad Fullmer
|
0-0: Ball 1-0: Ball 2-0: Ball 3-0: Base on Balls
|
|
Batting: RHB Einar Diaz
|
0-0: Ball 1-0: Foul Ball, location: 2F 1-1: Foul Ball, location: 2F 1-2: Foul Ball, location: 2F 1-2: Ball 2-2: Foul Ball, location: 2F 2-2: DOUBLE (Flyball, 8LXD, EV 96.3 MPH) Junior Felix scores Brad Fullmer to third Runner from 3rd tries for Home, SAFE, no throw by CF
|
|
Batting: RHB Jeff Abbott
|
0-0: Ball 1-0: Ball 2-0: Ball 3-0: DOUBLE (Line Drive, 7LM, EV 101.3 MPH) Einar Diaz scores
|
|
Batting: RHB Scott Leius
|
0-0: Ball 1-0: Called Strike 1-1: Called Strike 1-2: Ball 2-2: Strikes out swinging
|
| Top of the 8th over - 4 runs, 3 hits, 0 errors, 1 left on base; Ocean City 4 - Savannah 4 |
| BOTTOM OF THE 8TH |
|
Savannah Swamp Foxes batting - Pitching for Ocean City Blue Crabs : RHP Chad Ogea
|
|
Batting: LHB Tony Longmire
|
0-0: Ball 1-0: Ball 2-0: Ball 3-0: Called Strike 3-1: Base on Balls
|
|
Batting: LHB Koji Goto
|
0-0: Sac Bunt to 2R - play at first, batter OUT! 2-4 Tony Longmire to second
|
|
Batting: LHB John Kruk
|
0-0: Intentional Walk
|
|
Batting: RHB Jimmy Hurst
|
0-0: Foul Ball, location: 2F 0-1: Foul Ball, location: 2F 0-2: Foul Ball, location: 2F 0-2: Ball 1-2: Strikes out swinging
|
|
Batting: LHB Jack Howell
|
0-0: Ball 1-0: Ground out U3 (Groundball, 3, EV 83.8 MPH)
|
| Bottom of the 8th over - 0 runs, 0 hits, 0 errors, 2 left on base; Ocean City 4 - Savannah 4 |
| TOP OF THE 9TH |
|
Ocean City Blue Crabs batting - Pitching for Savannah Swamp Foxes : LHP Angel Miranda
|
|
Pitching: RHP Jay Powell
|
|
|
Batting: RHB Garey Ingram
|
0-0: Ball 1-0: Ball 2-0: Ball 3-0: Called Strike 3-1: Called Strike 3-2: SINGLE (Groundball, 56D, EV 99.4 MPH)
|
|
Pinch Hitting: LHB Curtis Pride
|
0-0: Ball 1-0: Foul Ball, location: 2F 1-1: Called Strike 1-2: Ball 2-2: Fly out, F9 (Flyball, 9S, EV 86.3 MPH)
|
|
Pinch Hitting: LHB Pedro Valdes
|
0-0: Called Strike 0-1: Ball 1-1: Foul Ball, location: 2F 1-2: Foul Ball, location: 2F 1-2: Strikes out swinging
|
|
Batting: RHB Pat F. Kelly
|
0-0: Fielders Choice at 2nd, 5-4 (Groundball, 56, EV 103.8 MPH)
|
| Top of the 9th over - 0 runs, 1 hit, 0 errors, 1 left on base; Ocean City 4 - Savannah 4 |
| BOTTOM OF THE 9TH |
|
Savannah Swamp Foxes batting - Pitching for Ocean City Blue Crabs : RHP Chad Ogea
|
|
Pitching: RHP Brian Bevil
|
|
|
Now at SS: Manny Alexander
|
|
|
Now in CF: Julio Peguero
|
|
|
Batting: RHB Izzy Molina
|
0-0: Called Strike 0-1: Swinging Strike 0-2: Ball 1-2: SINGLE (Groundball, 56D, EV 100.6 MPH)
|
|
Batting: SHB Jason Hardtke
|
0-0: Ball 1-0: Called Strike 1-1: Called Strike 1-2: Fly out, F6 (Popup, 6S, EV 65.0 MPH)
|
|
Pinch Hitting: LHB Jon Zuber
|
0-0: Called Strike 0-1: Ball 1-1: Ball 2-1: Foul Ball, location: 2F 2-2: Foul Ball, location: 2F 2-2: Ball 3-2: Foul Ball, location: 2F 3-2: Foul Ball, location: 2F 3-2: SINGLE (Groundball, 34D, EV 95.0 MPH) Izzy Molina to second
|
|
Pinch Runner at 2nd Jeff Berblinger:
|
|
|
Pinch Hitting: LHB Jacob Cruz
|
0-0: Called Strike 0-1: Ball 1-1: Ball 2-1: Foul Ball, location: 2F 2-2: Strikes out swinging
|
|
Batting: LHB Tony Longmire
|
0-0: Ball 1-0: Ball 2-0: Ball 3-0: Base on Balls Jeff Berblinger to third Jon Zuber to second
|
|
Batting: LHB Koji Goto
|
0-0: Ball 1-0: Called Strike 1-1: Swinging Strike 1-2: Ball 2-2: Ball 3-2: Base on Balls Jeff Berblinger scores Jon Zuber to third Tony Longmire to second
|
 |
|
Monday, January 26th, 2026 - OOTP Baseball 20.8 Build 74
|
|